 Dungeon Crawl Stone Soup version 0.29.0-13-gc9e81de378 (webtiles) character file.

Game seed: 11319583839664354130

399 gelatine the Chiller (level 6, -1/44 HPs)
             Began as a Barachi Ice Elementalist on Sept 10, 2022.
             Slain by Pikel
             ... wielding a +2 whip of freezing
              (5 damage)
             ... on level 3 of the Dungeon.
             The game lasted 00:13:37 (3115 turns).

gelatine the Chiller (Barachi Ice Elementalist)     Turns: 3115, Time: 00:13:38

Health: -1/44      AC: 10    Str:  9    XL:     6   Next: 84%
Magic:  3/12       EV: 13    Int: 17    God:
Gold:   140        SH:  5    Dex: 13    Spells: 7/14 levels left

rFire   . . .      SeeInvis .   l - +3 dagger
rCold   . . .      Faith    .   (no shield)
rNeg    . . .      Spirit   .   a - +0 robe
rPois   .          Reflect  +   n - +0 helmet
rElec   .          Harm     .   (no cloak)
rCorr   .          Rampage  .   (no gloves)
Will    .....                   (no boots)
Stlth   ++........              c - amulet of reflection
HPRegen 0.14/turn               (no ring)
MPRegen 0.13/turn               (no ring)

@: ice-armoured, unable to hop, freezing walls, very slightly contaminated, slow
A: amphibious, slowness 1, strong legs 1, +LOS
a: Hop


You were on level 3 of the Dungeon.
You visited 1 branch of the dungeon, and saw 4 of its levels.

You collected 140 gold pieces.

Inventory:

Hand Weapons
 g - a +0 short sword of protection
 l - a +3 dagger (weapon)
Missiles
 r - 4 poisoned darts
Armour
 a - a +0 robe (worn)
 f - a +0 leather armour
 n - a +0 helmet (worn)
Jewellery
 c - an amulet of reflection (around neck)
 p - an amulet of the acrobat
Scrolls
 e - 3 scrolls of teleportation {unknown}
 o - a scroll of silence {unknown}
 s - 2 scrolls of identify {unknown}
Potions
 b - a potion of magic
 d - 2 potions of flight {unknown}
 h - 2 potions of attraction {unknown}
 i - a potion of mutation {unknown}
 j - 2 potions of invisibility
 k - 2 potions of degeneration {unknown}
 m - 2 potions of curing {unknown}
 q - a potion of lignification {unknown}


   Skills:
 * Level 2.3 Fighting
 + Level 0.3 Short Blades
 + Level 0.1 Throwing
 * Level 3.3 Dodging
 * Level 2.5 Stealth
 + Level 0.1 Shields
 * Level 4.5 Spellcasting
 * Level 6.6 Ice Magic


You had 7 spell levels left.
You knew the following spells:

 Your Spells              Type           Power      Damage    Failure   Level
a - Freeze                Ice            100%       1d11      1%          1
b - Frozen Ramparts       Ice            52%        1d8       3%          3
c - Ozocubu's Armour      Ice            26%        N/A       3%          3

Your spell library contained the following spells:

 Spells                   Type           Power      Damage    Failure   Level
 Beastly Appendage        Tmut           6%         N/A       16%         1
 Foxfire                  Conj/Fire      12%        2x1d4     16%         1
 Wereblood                Tmut           3%         N/A       22%         2
 Hailstorm                Conj/Ice       15%        3d5       36%         4
 Conjure Flame            Conj/Fire      3%         6-21      41%         3
 Inner Flame              Hex/Fire       3%         N/A       41%         3
 Portal Projectile        Hex/Tloc       6%         N/A       41%         3
 Spider Form              Tmut/Pois      3%         N/A       41%         3
 Tukima's Dance           Hex            3%         N/A       41%         3
 Flame Wave               Conj/Fire      3%         2d5       83%         4
 Passage of Golubria      Tloc           3%         N/A       83%         4
 Blade Hands              Tmut           1%         N/A       99%         5
 Silence                  Hex/Air        1%         N/A       99%         5
 Lehudib's Crystal Spear  Conj/Erth      1%         10d2      100%        8


Dungeon Overview and Level Annotations

Branches:
Dungeon (4/15)
 Temple: D:4-7

Altars:

Annotations:
D:3 Pikel
D:4 Dowan, Duvessa


Innate Abilities, Weirdness & Mutations

You are amphibious.
You cover ground slowly.
You can hop short distances.
You have an extended range of vision and can be seen from far away.


Message History

You block the lemure's attack. Pikel closely misses you.
The lemure closely misses you. The lemure hits you!
Pikel hits you but does no damage. You block the lemure's attack.
There is a stone staircase leading up here.
You block the lemure's attack. The lemure misses you.
Pikel hits you with a +2 whip of freezing!
Pikel freezes you.
You climb upwards.
There is a stone staircase leading down here.
Hop to where?
Press: ? - help, Dir - move target Boing!
The lemure hits you!
Casting: Freeze (safe; 1% risk of failure)
Confirm with . or Enter, or press ? or * to list all spells.
You miscast Ozocubu's Armour.
You are very lightly contaminated with residual magic.
Nothing appears to happen.
The lemure barely misses you. You block the lemure's attack.
Pikel hits you with a +2 whip of freezing.
* * * LOW HITPOINT WARNING * * *
Pikel freezes you.
* * * LOW HITPOINT WARNING * * *
Casting: Ozocubu's Armour (dangerous; 3% risk of failure)
Confirm with . or Enter, or press ? or * to list all spells.
Casting: Frozen Ramparts (dangerous; 3% risk of failure)
Press: ? - help, Dir - look around, f - activate The walls around you are covered in ice.
The wall freezes the lemure.
The lemure hits you.
* * * LOW HITPOINT WARNING * * *
The wall freezes the lemure.
The lemure hits you.
* * * LOW HITPOINT WARNING * * *
The wall freezes Pikel but does no damage.
You block Pikel's attack.
Casting: Frozen Ramparts (dangerous; 3% risk of failure)
Confirm with . or Enter, or press ? or * to list all spells.
A film of ice covers your body!
The wall freezes the lemure.
The lemure hits you but does no damage.
The wall freezes the lemure.
The lemure hits you but does no damage.
The wall freezes Pikel.
Pikel hits you with a +2 whip of freezing.
You die...

#.##.##.# #.##.##.#######
#.##.##.......#######
######.##.########........
#......##.........########
#...##.##.#.#.............
#.#.##.##.................
#.#.##.##5K...............
##.......5@#.#.#.......##.#
#..#.##.##.#.#.......#.##.#
#.......##.#.#...#.#.#.##.#
##.#.......#.#...#.#.#.##.#
#.#.####...(....#.#.#....#
#.#.# #..##........+.....
#.#.# #.###....)...#....#
##.#.# ##.###........#.....
#....# #...................


You could see Pikel and 2 lemures.

Vanquished Creatures
  An ogre (D:2)
  2 lemures (D:3)
  A scorpion (D:3)
  An orc priest (D:3)
  An iguana (D:3)
  3 orc wizards
  2 adders
  3 gnolls (D:3)
  2 dart slugs
  8 orcs
  A bat (D:1)
  7 endoplasms
  3 giant cockroaches
  5 goblins
  9 hobgoblins
  A quokka (D:3)
  4 ball pythons
  11 frilled lizards
  11 kobolds
  A rat (D:2)
77 creatures vanquished.

Notes
Turn   | Place    | Note
-------+----------+-------------------------------------------
     0 | D:1      | gelatine the Barachi Ice Elementalist began the quest for
                  | the Orb.
     0 | D:1      | Reached XP level 1. HP: 13/13 MP: 3/3
    59 | D:1      | Reached skill level 5 in Ice Magic
   178 | D:1      | Reached XP level 2. HP: 16/19 MP: 1/5
   768 | D:1      | Reached XP level 3. HP: 25/25 MP: 4/6
  1252 | D:2      | Reached skill level 1 in Fighting
  1483 | D:2      | Found a faded altar of an unknown god.
  1548 | D:2      | Noticed an ogre
  1559 | D:2      | Learned a level 3 spell: Frozen Ramparts
  1563 | D:2      | Learned a level 3 spell: Ozocubu's Armour
  1579 | D:2      | Killed an ogre
  1580 | D:2      | Reached skill level 6 in Ice Magic
  1580 | D:2      | Reached XP level 4. HP: 32/33 MP: 0/9
  1580 | D:2      | Reached XP level 5. HP: 37/38 MP: 0/10
  1949 | D:3      | Reached XP level 6. HP: 44/44 MP: 2/11
  3002 | D:4      | Noticed Pikel
  3002 | D:4      | Noticed Dowan
  3109 | D:4      | Noticed Duvessa
  3115 | D:3      | Slain by Pikel

Illustrated notes

Levels and vault maps discovered:
D:1:      dpeg_arrival_radiant, layout_loops_cross, minmay_lizard_pond
D:2:      layout_rooms, ebering_ecumenical_altar_petrified
D:3:      layout_basic, kennysheep_boxes
D:4:      cheibrodos_barr_body, layout_loops_cross, uniq_robin, uniq_pikel,
          uniq_duvessa

Skill      XL: |  1  2  3  4  5  6 |
---------------+-------------------+-----
Ice Magic      | 5 6 |  6.6
Stealth        | 2 |  2.5
Fighting       | 1 2 |  2.3
Spellcasting   | 3 4 |  4.5
Dodging        | 3 |  3.3
Short Blades   | |  0.3
Throwing       | |  0.1
Shields        | |  0.1

Action                   |  1- 3 |  4- 6 || total
-------------------------+-------+-------++-------
Melee: Short sword       |    25 |       ||    25
       Unarmed           |     2 |       ||     2
       Dagger            |     4 |    19 ||    23
Throw: Dart              |     6 |    10 ||    16
 Cast: Freeze            |    48 |    47 ||    95
       Ozocubu's Armour  |     1 |     5 ||     6
       Frozen Ramparts   |     1 |     5 ||     6
 Abil: Hop               |       |     2 ||     2
  Use: Potion            |       |     1 ||     1
 Stab: Sleeping          |     2 |     1 ||     3
Armor: Robe              |    11 |    23 ||    34
Dodge: Dodged            |    43 |    39 ||    82
Block: Other             |     2 |    17 ||    19
       Reflection        |       |     1 ||     1
